 Seeded DCSS version 0.27-a0-1154-gfdeffcb720 (webtiles) character file.

Game seed: 6919691055512990457 (custom seed)

71 donath the Insei (level 4, -3/29 HPs)
             Began as an Octopode Transmuter on May 14, 2021.
             Succumbed to an adder's poison
             ... on level 3 of the Dungeon.
             The game lasted 00:06:27 (2751 turns).

donath the Insei (Octopode Transmuter)              Turns: 2751, Time: 00:06:28

Health: -3/29      AC:  1    Str:  9    XL:     4   Next: 24%
Magic:  6/7        EV: 13    Int: 16    God:
Gold:   74         SH:  0    Dex: 12    Spells: 1/7 levels left

rFire    . . .     SeeInvis .     - Unarmed
rCold    . . .     Faith    .   (no shield)
rNeg     . . .     Spirit   .   (helmet restricted)
rPois    .         Reflect  .   (no amulet)
rElec    .         Harm     .   (no ring)
rCorr    .         Rampage  .   (no ring)
Will     .....                  (no ring)
Stlth    +++.......             (no ring)
HPRegen  0.09/turn              (no ring)
MPRegen  0.10/turn              (no ring)
                                (no ring)
                                (no ring)

@: mighty, lethally poisoned (-3 -> -18), wereblooded
A: almost no armour, amphibious, 8 rings, camouflage 1, gelatinous body 1,
(nimble swimmer 1), tentacles
a: no special abilities


You were on level 3 of the Dungeon.
You visited 1 branch of the dungeon, and saw 3 of its levels.

You collected 74 gold pieces.

Inventory:

Hand Weapons
 p - a +0 flail
Missiles
 a - 50 stones
Armour
 i - a +0 tower shield
Magical Staves
 j - a staff of cold
Jewellery
 b - a ring of fire
Scrolls
 d - a scroll of enchant weapon {unknown}
 e - a scroll of identify {unknown}
 h - 4 scrolls of acquirement {unknown}
 k - a scroll of fog {unknown}
Potions
 c - a potion of magic {unknown}
 f - a potion of might
 g - a potion of berserk rage {unknown}
 l - a potion of haste {unknown}
 m - a potion of lignification {unknown}
 n - a potion of heal wounds {unknown}
 o - a potion of resistance {unknown}


   Skills:
 * Level 2.1 Fighting
 - Level 2.1 Dodging
 - Level 1.2 Stealth
 - Level 4.0 Unarmed Combat
 - Level 2.1 Spellcasting
 - Level 2.3 Transmutations


You had one spell level left.
You knew the following spells:

 Your Spells              Type           Power      Damage    Failure   Level
a - Beastly Appendage     Tmut           18%        N/A       8%          1
b - Wereblood             Tmut           9%         N/A       12%         2
c - Spider Form           Tmut/Pois      2%         N/A       36%         3

Your spell library contained the following spells:

 Spells                   Type           Power      Damage    Failure   Level
 Ice Form                 Ice/Tmut       5%         N/A       77%         4
 Hydra Form               Tmut           4%         N/A       91%         5


Dungeon Overview and Level Annotations

Branches:
Dungeon (3/15)

Altars:
Elyvilon
Yredelemnul


Innate Abilities, Weirdness & Mutations

You cannot wear most types of armour.
You are amphibious.
You can wear up to eight rings at the same time.
Your skin changes colour to match your surroundings (Stealth+).
Your rubbery body absorbs attacks. (AC +1, EV +1)
((You are camouflaged near water. (Stealth+)))
You have tentacles for arms and can constrict up to eight enemies at once.


Message History

Your tentacle spike misses the adder.
The adder is lightly wounded.
Your tentacle spike disappears.
You feel sick. The adder bites you.
You completely miss the adder. Your grab misses the adder.
The adder is lightly wounded.
You feel sick. The adder bites you but does no damage.
The adder barely misses you.
You tentacle-slap the adder. Your grab misses the adder.
The adder is heavily wounded.
You feel sick.
You are no longer poisoned.
The adder bites you.
You are poisoned.
The adder poisons you!
You tentacle-slap the adder. Your grab misses the adder.
The adder is almost dead.
You feel sick. The adder misses you.
You miss the adder. Your grab misses the adder.
The adder is almost dead.
You feel sick. The adder bites you.
You miss the adder. Your grab misses the adder.
The adder is almost dead.
You feel sick. The adder misses you.
You closely miss the adder. Your grab misses the adder.
The adder is almost dead.
You feel sick. The adder bites you.
* * * LOW HITPOINT WARNING * * *
You are lethally poisoned!
The adder poisons you!
You closely miss the adder. Your grab misses the adder.
The adder is almost dead.
* * * LOW HITPOINT WARNING * * *
You feel sick. The adder bites you.
* * * LOW HITPOINT WARNING * * *
You are more poisoned.
The adder poisons you!
It was a potion of might.
You feel very mighty all of a sudden.
You die...

#.......###### #.......#.....
#. #.......#.#### #.
####....#.# # #.. #####
#......# # ##... #...# ########
# .....###...## #
............###################
............SS@...............)
.............##################
.............# ########
....########.# ........ ...
.... .....o.. r. ..... ........
......# ........ ......#
........ ........


You could see an adder and a ball python.

Vanquished Creatures
  An adder (D:2)
  2 dart slugs (D:1)
  4 orcs (D:3)
  4 ball pythons
  3 endoplasms
  2 giant cockroaches
  8 goblins
  7 hobgoblins
  5 quokkas
  2 bats (D:1)
  4 frilled lizards
  3 kobolds
  6 rats
51 creatures vanquished.

Notes
Turn   | Place    | Note
-------+----------+-------------------------------------------
     0 | D:1      | donath the Octopode Transmuter began the quest for the Orb.
     0 | D:1      | Reached XP level 1. HP: 13/13 MP: 3/3
   103 | D:1      | Reached XP level 2. HP: 18/18 MP: 3/5
   136 | D:1      | Learned a level 2 spell: Wereblood
   325 | D:1      | Reached skill level 1 in Stealth
   333 | D:1      | Reached XP level 3. HP: 23/23 MP: 3/6
   349 | D:1      | Learned a level 3 spell: Spider Form
  1489 | D:2      | Reached skill level 4 in Unarmed Combat
  1683 | D:2      | Reached XP level 4. HP: 28/29 MP: 7/7
  1803 | D:2      | Found a faded altar of an unknown god.
  2262 | D:3      | Found a white marble altar of Elyvilon.
  2263 | D:3      | Found a basalt altar of Yredelemnul.
  2750 | D:3      | HP: 1/29 [adder (2)]
  2751 | D:3      | Succumbed to an adder's poison

Illustrated notes

Levels and vault maps discovered:
D:1:      dpeg_arrival_arbitrary_a, layout_basic
D:2:      layout_loops_ring, shapermc_ecumenical_altar_mp_highgroup
D:3:      layout_basic, nicolae_overflow_hidden_temple, general_overflow_altar

Skill      XL: |  1  2  3  4 |
---------------+-------------+-----
Stealth        | 1 |  1.2
Unarmed Combat | 4 |  4.0
Fighting       | 2 |  2.1
Dodging        | |  2.1
Spellcasting   | |  2.1
Transmutations | |  2.3

Action                   |  1- 3 |  4- 6 || total
-------------------------+-------+-------++-------
Melee: Unarmed           |   100 |    34 ||   134
       Constrict         |    23 |     8 ||    31
       Tentacles         |    11 |     1 ||    12
       Kick              |     7 |     2 ||     9
       Punch             |       |     2 ||     2
 Cast: Beastly Appendage |    12 |     7 ||    19
       Wereblood         |     3 |     2 ||     5
  Use: Potion            |       |     1 ||     1
 Stab: Sleeping          |     4 |     3 ||     7
Armor: Skin              |     8 |     1 ||     9
Dodge: Dodged            |    60 |    12 ||    72

Table legend: (Time is in decaauts)
 A = Elapsed time spent in this place.
 B = Non-inter-level travel time spent in this place.
 C = Inter-level travel time spent in this place.
 D = Time resting spent in this place.
 E = Time spent auto-exploring this place.
 F = Levels seen in this place.
 G = Mean time per level.
                   A        B        C        D        E       F      G
               +--------+--------+--------+--------+--------+-----+--------+
         Total |   2742 |   2742 |      0 |    680 |   1171 |   3 |  914.0 |
       Dungeon |   2742 |   2742 |      0 |    680 |   1171 |   3 |  914.0 |
               +--------+--------+--------+--------+--------+-----+--------+

Top non-repeatable levels by time:
     D:1: 1377 daAuts
     D:2: 1059 daAuts
     D:3: 306 daAuts
